 Dungeon Crawl Stone Soup version 0.22-a0-278-g8f80174 (webtiles) character file.

939 Vesto the Skirmisher (level 8, -3/49 HPs)
             Began as a Gargoyle Fighter on Mar 15, 2018.
             Was an Initiate of Okawaru.
             Slain by Arum's ghost (10 damage)
             ... on level 5 of the Dungeon.
             The game lasted 00:08:59 (3757 turns).

Vesto the Skirmisher (Gargoyle Fighter)             Turns: 3757, Time: 00:09:00

Health: -3/49      AC: 17    Str: 22    XL:     8   Next: 12%
Magic:  12/12      EV: 10    Int:  9    God:    Okawaru [......]
Gold:   241        SH:  0    Dex:  9    Spells: 12/13 levels left

rFire    . . .     SeeInvis .   b - +4 quarterstaff (chaos)
rCold    . . .     Gourm    .   (shield currently unavailable)
rNeg     + . .     Faith    .   u - +0 scale mail
rPois    ∞         Spirit   .   (no helmet)
rElec    +         Reflect  .   D - +0 cloak
rCorr    .         Harm     .   (no gloves)
MR       .....                  (no boots)
Stlth    ..........             (no amulet)
HPRegen  0.16/turn              d - +3 ring of protection
MPRegen  0.13/turn              z - ring of wizardry

@: very slightly contaminated, invisible
A: negative energy resistance 1, electricity resistance, unbreathing,
petrification resistance, rot immunity, AC +5
a: Renounce Religion


You were on level 5 of the Dungeon.
You worshipped Okawaru.
Okawaru was noncommittal.
You were not hungry.

You visited 2 branches of the dungeon, and saw 7 of its levels.

You collected 241 gold pieces.

Inventory:

Hand Weapons
 a - a +0 war axe
 b - a +4 quarterstaff of chaos (weapon)
 E - a +2 mace of draining
Armour
 c - a +0 shield
 u - a +0 scale mail (worn)
 A - a +0 cloak
 D - a +0 cloak (worn)
Jewellery
 d - a +3 ring of protection (left hand)
 m - an uncursed ring of resist corrosion
 z - a ring of wizardry (right hand)
Wands
 n - a wand of scattershot (3)
 C - a wand of random effects (27)
Scrolls
 e - a scroll of fog {unknown}
 g - 6 scrolls of teleportation {unknown}
 i - 3 scrolls of remove curse {unknown}
 j - a scroll of amnesia {unknown}
 l - a scroll of enchant armour {unknown}
 r - a scroll of immolation {unknown}
 t - 2 scrolls of identify {unknown}
 y - a scroll of magic mapping {unknown}
 F - a scroll of fear {unknown}
Potions
 k - a potion of ambrosia
 o - a potion of curing
 p - a potion of cancellation {unknown}
 q - 2 potions of flight
 s - a potion of haste {unknown}
 v - a potion of resistance {unknown}
 w - a potion of heal wounds {unknown}
 x - a potion of berserk rage {unknown}
Comestibles
 f - 14 rations
 B - 5 chunks of flesh


   Skills:
 + Level 5.3 Fighting
 - Level 3.6 Axes
 * Level 1.6 Staves
 - Level 2.0 Throwing
 + Level 4.5 Armour
 + Level 2.0 Dodging
 - Level 4.0 Shields
 * Level 3.2 Spellcasting
 + Level 0.8 Transmutations
 + Level 1.1 Invocations
 + Level 1.3 Evocations


You had 12 spell levels left.
You knew the following spells:

 Your Spells              Type           Power        Failure   Level  Hunger
a - Beastly Appendage     Tmut           #.....       21%         1    ##.....


Dungeon Overview and Level Annotations

Branches:
Dungeon (6/15)             Temple (1/1) D:5

Altars:
Ashenzari
Cheibriados
Dithmenos
Elyvilon
Fedhas
Gozag
Hepliaklqana
Kikubaaqudgha
Makhleb
Nemelex Xobeh
Okawaru
Qazlal
Ru
Sif Muna
Trog
Uskayaw
Vehumet
Wu Jian
Xom
Yredelemnul
Zin
The Shining One

Annotations:
D:3 exclusion: downstairs
D:5 Arum's ghost, novice FoFi


Innate Abilities, Weirdness & Mutations

You are resistant to torment.
Your stone body is resilient. (AC +5)
You are immune to poison.
You resist negative energy. (rN+)
You are resistant to electric shocks. (rElec)
You can survive without breathing.
You are immune to petrification.
You are immune to rotting.


Message History

Arum's ghost is moderately damaged.
Arum's ghost hits you!
You hit Arum's ghost but do no damage.
Arum's ghost is moderately damaged.
Arum's ghost says, "Very impressive.
But it won't help.
Nothing will."
Arum's ghost closely misses you.
You barely miss Arum's ghost.
Arum's ghost is moderately damaged.
Arum's ghost hits you but does no damage.
You hit Arum's ghost. Lightning courses through Arum's ghost!
Arum's ghost is heavily damaged.
Arum's ghost hits you!
You completely miss Arum's ghost.
Arum's ghost is heavily damaged.
Arum's ghost hits you! x2
* * * LOW HITPOINT WARNING * * *
You closely miss Arum's ghost.
Arum's ghost is heavily damaged.
Arum's ghost hits you!
You die...

#... #........+....
#... #........#####
#...#####........#..
#...................
#...................
#...................
#................#.#
#...W.....#####.#..
#...@!....# .#
#...............#
#.........######
#.........#
#####.##### #.# #.#
#.# ... #.#


You could see Arum's ghost.

Vanquished Creatures
  An ice beast (D:3)
  A phantom (D:5)
  An ogre (D:5)
  A centaur (D:5)
  A scorpion (D:4)
  A bullfrog skeleton (D:5)
  An orc priest (D:4)
  Crazy Yiuf (D:4)
  4 hounds
  3 worker ants
  2 orc wizards
  Robin (D:4)
  A gnoll (D:4)
  A howler monkey skeleton (D:3)
  7 adders
  A shadow imp (D:5)
  An ooze (D:2)
  3 worms
  2 dart slugs
  2 leopard geckos
  9 orcs
  12 bats
  4 giant cockroaches
  11 hobgoblins
  4 jackals (D:3)
  7 kobolds
  3 quokkas
  A ball python (D:1)
  2 frilled lizards
  19 goblins
  A leopard gecko skeleton (D:3)
  4 rats
113 creatures vanquished.

Notes
Turn   | Place    | Note
-------+----------+-------------------------------------------
     0 | D:1      | Vesto the Gargoyle Fighter began the quest for the Orb.
     0 | D:1      | Reached XP level 1. HP: 14/14 MP: 1/1
    19 | D:1      | Reached XP level 2. HP: 16/19 MP: 2/2
   218 | D:3      | Reached XP level 3. HP: 21/23 MP: 2/4
   302 | D:3      | Reached skill level 1 in Spellcasting
   331 | D:3      | Noticed an ice beast
   360 | D:3      | Reached XP level 4. HP: 29/29 MP: 5/5
   372 | D:3      | Killed an ice beast
   372 | D:3      | Reached skill level 4 in Fighting
   372 | D:3      | Reached skill level 1 in Throwing
   372 | D:3      | Reached skill level 1 in Dodging
   372 | D:3      | Reached XP level 5. HP: 33/33 MP: 5/7
   807 | D:4      | Reached XP level 6. HP: 39/39 MP: 8/8
   836 | D:4      | Found a radiant altar of Vehumet.
   908 | D:5      | Entered Level 5 of the Dungeon
  1140 | D:4      | Reached XP level 7. HP: 42/44 MP: 10/10
  1163 | D:5      | Found a staircase to the Ecumenical Temple.
  1178 | Temple   | Entered the Ecumenical Temple
  1276 | Temple   | Became a worshipper of Warmaster Okawaru
  1834 | D:2      | Reached skill level 5 in Fighting
  2496 | D:3      | Learned a level 1 spell: Beastly Appendage
  2790 | D:4      | Noticed Robin
  2811 | D:4      | Killed Robin
  2849 | D:4      | Found a runed door.
  2853 | D:4      | Noticed Crazy Yiuf
  2858 | D:4      | Killed Crazy Yiuf
  3091 | D:5      | Reached skill level 1 in Evocations
  3367 | D:5      | Reached skill level 1 in Staves
  3517 | D:5      | Reached XP level 8. HP: 40/49 MP: 12/12
  3623 | D:5      | Reached skill level 1 in Invocations
  3736 | D:5      | Noticed Arum's ghost (novice FoFi)
  3757 | D:5      | Slain by Arum's ghost

Vault maps used:
D:1:      dpeg_arrival_tiny_a, minmay_misc_feat_four_crosses
D:2:      first_ration
D:3:      wad_lake_hut
D:4:      overflow_temple_1_default, cheibrodos_gnoll_hut, uniq_robin,
          uniq_crazy_yiuf_cottage
D:5:      minmay_temple_entry_crystal_x, serial_shops, kennysheep_little_box,
          serial_bayou_pond_d
D:6:      gammafunk_cloud_chamber, basic_altar, uniq_eustachio
Temple:   grunt_wide_crystal_templ

Skill      XL: |  1  2  3  4  5  6  7  8 |
---------------+-------------------------+-----
Axes           | 2 3 |  3.6
Spellcasting   | 1 2 3 |  3.2
Fighting       | 4 5 |  5.3
Throwing       | 1 2 |  2.0
Dodging        | 1 2 |  2.0
Armour         | 4 |  4.5
Shields        | 4 |  4.0
Evocations     | 1 |  1.3
Staves         | 1 |  1.6
Invocations    | 1 |  1.1
Transmutations | |  0.8

Action                   |  1- 3 |  4- 6 |  7- 9 || total
-------------------------+-------+-------+-------++-------
Melee: War axe           |   102 |   152 |    96 ||   350
       Mace              |       |     5 |    28 ||    33
       Quarterstaff      |       |       |    63 ||    63
 Cast: Beastly Appendage |       |       |     1 ||     1
  Use: Potion            |     4 |       |     3 ||     7
  Eat: Chunk             |       |     2 |     8 ||    10
Armor: Scale mail        |    77 |   116 |   117 ||   310
       Skin              |     8 |    13 |       ||    21
Dodge: Dodged            |    41 |    73 |    72 ||   186
Block: Shield            |    49 |   135 |    55 ||   239

Table legend:
 A = Spawn XP
 B = Non-spawn XP
 C = Spawn XP percentage of total XP
 D = Spawn monster count
 E = Non-spawn monster count
 F = Spawn count percentage of total count
 G = Total turns spent on level
                    A         B        C        D         E        F      G
               +---------+---------+-------+---------+---------+-------+---------
         Total |       0 |    1342 |   0.0 |       0 |     113 |   0.0 |  3757
               +---------+---------+-------+---------+---------+-------+---------
           D:1 |       0 |      35 |   0.0 |       0 |      21 |   0.0 |   450
           D:2 |       0 |      65 |   0.0 |       0 |      18 |   0.0 |   614
           D:3 |       0 |     272 |   0.0 |       0 |      31 |   0.0 |  1048
           D:4 |       0 |     413 |   0.0 |       0 |      28 |   0.0 |  1047
           D:5 |       0 |     517 |   0.0 |       0 |      14 |   0.0 |   486
        Temple |       0 |      40 |   0.0 |       0 |       1 |   0.0 |   108
               +---------+---------+-------+---------+---------+-------+---------
